 Dungeon Crawl Stone Soup version 0.19-a0-1493-gd0fcaa6 (webtiles) character file.

6203 Charly the Grappler (level 10, 0/132 HPs)
             Began as a Centaur Transmuter on Sept 9, 2016.
             Was an Initiate of Ashenzari.
             Succumbed to a killer bee's poison
             ... on level 12 of the Dungeon.
             The game lasted 01:32:52 (4234 turns).

Charly the Grappler (Centaur Transmuter)            Turns: 4234, Time: 01:32:52

Health: 0/132      AC:  9    Str: 15    XL:     10   Next: 61%
Magic:  11/13      EV: 10    Int: 12    God:    Ashenzari [......]
Gold:   404        SH:  0    Dex: 13    Spells: 2 memorised, 7 levels left

rFire  . . .     SeeInvis .       - Unarmed
rCold  . . .     Gourm    .     b - +1 robe
rNeg   . . .     Faith    .     (no shield)
rPois  .         Spirit   .     (helmet restricted)
rElec  .         Dismiss  .     (no cloak)
rCorr  .         Reflect  .     (no gloves)
MR     +....     Harm     .     (no barding)
Stlth  .......... Rnd*Rage +    o - necklace of Bloodlust {*Rage +Rage MR+ Int-3 Slay+3 *Curse} (curse) Rnd*Tele +
                                v - ring of teleportation (curse)
                                j - +3 ring of slaying (curse)

@: berserking, lethally poisoned (0 -> -29), very quick
A: antennae 1, hooves 3, molten scales 1, thin metallic scales 1, agile 1,
deformed body, speed 2, tough skin 3, weak 1
a: Curse Item, Renounce Religion, Evoke Berserk Rage


You were on level 12 of the Dungeon.
You worshipped Ashenzari.
Ashenzari was noncommittal.
You were not hungry.

You visited 3 branches of the dungeon, and saw 14 of its levels.
You also visited: Sewer.

You collected 404 gold pieces.

Inventory:

Missiles
 a - 41 arrows
 t - a throwing net (quivered)
Armour
 b - a +1 robe (worn)
Jewellery
 f - an uncursed ring of protection from fire
 j - a cursed +3 ring of slaying (left hand)
 l - a +2 amulet of reflection
 o - the cursed necklace of Bloodlust (around neck) {*Rage +Rage MR+ Int-3 Slay+3 *Curse}
   (You found it on level 5 of the Dungeon)

   [amulet of rage]

   It affects your intelligence (-3).
   It affects your accuracy and damage with ranged weapons and melee attacks
   (+3).
   It affects your resistance to hostile enchantments.
   It lets you go berserk.
   It may make you go berserk in combat.
   It may re-curse itself when equipped.
   It has a curse placed upon it.
 v - a cursed ring of teleportation (right hand)
 B - an uncursed amulet of regeneration
Wands
 p - a wand of disintegration (9/24)
 u - a wand of digging (0/24)
 E - a wand of random effects (27/48)
 F - a wand of slowing (16/48)
Scrolls
 k - 4 scrolls of remove curse
 w - a scroll of fog {unknown}
 y - a scroll of amnesia
 z - 3 scrolls of teleportation
 C - a scroll of enchant armour
Potions
 e - 6 potions of curing
 g - 2 potions of might
 h - 2 potions of flight {unknown}
 i - a potion of lignification {unknown}
 q - 2 potions of agility {unknown}
 r - a potion of heal wounds {unknown}
 s - 2 potions of beneficial mutation {unknown}
 x - a potion of mutation
 G - a potion of haste
Books
 c - a book of Changes

   Spells                             Type                      Level
   a - Beastly Appendage              Transmutation                1
   b - Sticks to Snakes               Transmutation                2
   c - Spider Form                    Transmutation/Poison         3
   d - Ice Form                       Ice/Transmutation            4
   e - Blade Hands                    Transmutation                5
Comestibles
 d - 4 bread rations
 m - 7 meat rations


   Skills:
 + Level 8.2 Fighting
 - Level 1.3 Dodging
 * Level 11.6 Unarmed Combat
 - Level 1.5 Spellcasting
 - Level 5.5 Transmutations
 - Level 4.7 Evocations


You had 7 spell levels left.
You knew the following spells:

 Your Spells              Type           Power        Failure   Level  Hunger
s - Sticks to Snakes      Tmut           ##......     6%          2    ###....
S - Spider Form           Tmut/Pois      #.........   30%         3    ####...


Dungeon Overview and Level Annotations

Branches:
Dungeon (12/15)            Temple (1/1) D:5            Lair (1/6) D:10
    Orc (0/2) D:10

Altars:
Ashenzari
Cheibriados
Dithmenos
Fedhas
Hepliaklqana
Kikubaaqudgha
Makhleb
Nemelex Xobeh
Qazlal
Trog
Uskayaw
Vehumet
Xom
Yredelemnul
The Shining One
Lugonu

Annotations:
D:3 exclusion: downstairs
D:10 exclusion: downstairs


Innate Abilities, Weirdness & Mutations

You have hooves in place of feet.
Armour fits poorly on your strangely shaped body.
You cover ground very quickly.
You have extremely tough skin. (AC +3)
You have a pair of small antennae on your head.
You are partially covered in molten scales. (AC +2)
You are partially covered in thin metallic scales. (AC +2)
You are agile. (Dex +2)
You are weak. (Str -2)


Message History

The killer bee is almost dead.
* * * LOW HITPOINT WARNING * * *
You feel sick.
The killer bee stings you but does no damage.
Your magical contamination has completely faded away.
You closely miss the killer bee. Your kick misses the killer bee.
The killer bee is almost dead.
* * * LOW HITPOINT WARNING * * *
You feel sick. The killer bee closely misses you.
The killer bee stings you but does no damage.
Unknown command.
You closely miss the killer bee. Your kick misses the killer bee.
The killer bee is almost dead.
* * * LOW HITPOINT WARNING * * *
You feel sick.
The killer bee stings you but does no damage. x2
Unknown command.
You pummel the killer bee!!
You kill the killer bee!
You die...

##### # #...# #
#...# # #...# #
#...# #
#..>###############
#...'.)............
#.@†###############
###y# #y# #y# .y.
#...y #....y
#...... #...[...


You could see 4 killer bees.

Vanquished Creatures
  2 hill giants (D:11)
  A troll (D:9)
  10 yaks (D:10)
  A steam dragon (D:12)
  3 orc warriors
  2 ice beasts
  3 sky beasts
  A necrophage (D:10)
  An ogre (D:6)
  4 centaurs
  A crocodile (D:10)
  8 giant frogs
  A water moccasin zombie (D:7)
  4 killer bees (D:12)
  A howler monkey (D:8)
  7 wights
  2 crimson imps
  A wasp zombie (D:10)
  2 centaur skeletons
  6 orc priests
  3 hounds
  8 orc wizards
  2 iguanas
  6 worker ants
  2 killer bee zombies (D:6)
  A hound zombie (D:5)
  A hound skeleton (D:4)
  12 adders
  A river rat (D:5)
  An ooze (D:1)
  2 adder skeletons (D:6)
  A worm (D:5)
  2 dart slugs (D:2)
  4 giant geckos
  29 orcs
  4 ball pythons
  7 bats
  6 giant cockroaches
  A goblin (D:2)
  2 hobgoblins
  12 jackals
  A quokka (D:4)
  6 giant newts
  A jackal skeleton (D:7)
  3 kobolds
  A quokka skeleton (D:6)
  9 rats
  2 fungi (D:10)
191 creatures vanquished.

Vanquished Creatures (collateral kills)
  A giant gecko (Sewer)
  2 giant cockroaches (Sewer)
  A hobgoblin (D:1)
  A jackal zombie (D:5)
5 creatures vanquished.

Grand Total: 196 creatures vanquished

Notes
Turn   | Place    | Note
-------+----------+-------------------------------------------
     0 | D:1      | Charly the Centaur Transmuter began the quest for the Orb.
     0 | D:1      | Reached XP level 1. HP: 16/16 MP: 3/3
   119 | D:1      | Reached XP level 2. HP: 17/23 MP: 2/4
   123 | D:1      | Learned a level 2 spell: Sticks to Snakes
   293 | D:1      | +3slay
   323 | D:1      | Reached XP level 3. HP: 15/29 MP: 2/5
   411 | D:4      | Reached skill level 4 in Unarmed Combat
   412 | D:4      | Noticed an ogre
   723 | D:4      | Reached XP level 4. HP: 24/37 MP: 4/6
   732 | D:4      | Learned a level 3 spell: Spider Form
   754 | D:3      | Found a burning altar of Makhleb.
   816 | D:5      | Entered Level 5 of the Dungeon
   837 | D:5      | Noticed an ice beast
   849 | D:5      | Killed an ice beast
   849 | D:5      | Reached XP level 5. HP: 40/42 MP: 7/7
   893 | D:5      | Found a glowing drain.
   931 | D:4      | Reached skill level 5 in Unarmed Combat
   971 | D:4      | Reached XP level 6. HP: 26/50 MP: 0/8
   998 | Sewer    | Entered a sewer
  1193 | Sewer    | Reached skill level 6 in Unarmed Combat
  1280 | D:6      | Reached XP level 7. HP: 33/56 MP: 3/9
  1282 | D:6      | Reached skill level 7 in Unarmed Combat
  1351 | D:6      | Found a sparkling altar of Nemelex Xobeh.
  1355 | D:6      | Found a glowing golden altar of the Shining One.
  1486 | D:7      | Found a blossoming altar of Fedhas.
  1628 | D:6      | Reached skill level 8 in Unarmed Combat
  1696 | D:5      | Reached XP level 8. HP: 25/66 MP: 0/10
  1758 | D:5      | Found a shadowy altar of Dithmenos.
  1830 | D:6      | Reached skill level 1 in Evocations
  2091 | D:5      | Gained mutation: Your spells are a little harder to cast, but a little more powerful. [mutagenic meat]
  2094 | D:5      | Gained mutation: You are agile. (Dex +2) [mutagenic meat]
  2097 | D:5      | Gained mutation: You are weak. (Str -2) [mutagenic meat]
  2100 | D:5      | Gained mutation: You are partially covered in thin metallic scales. (AC +2) [mutagenic meat]
  2282 | D:8      | Reached XP level 9. HP: 72/72 MP: 10/12
  2294 | D:8      | Reached skill level 5 in Transmutations
  2652 | D:4      | Found a hazy altar of Hepliaklqana.
  2653 | D:4      | Found a shimmering altar of Xom.
  2654 | D:4      | Noticed a spectral ugly thing
  2998 | D:7      | Reached skill level 9 in Unarmed Combat
  3177 | D:5      | Found a staircase to the Ecumenical Temple.
  3186 | Temple   | Entered the Ecumenical Temple
  3203 | Temple   | Became a worshipper of Ashenzari the Shackled
  3303 | D:8      | Found a snail-covered altar of Cheibriados.
  3311 | D:8      | Reached skill level 5 in Fighting
  3336 | D:9      | Found an ancient bone altar of Kikubaaqudgha.
  3415 | D:10     | Entered Level 10 of the Dungeon
  3436 | D:9      | Noticed a troll
  3461 | D:9      | Killed a troll
  3596 | D:11     | Noticed a cyclops
  3642 | D:10     | Found a staircase to the Lair.
  3663 | Lair:1   | Entered Level 1 of the Lair of Beasts
  3663 | Lair:1   | Noticed a spiny frog
  3675 | D:10     | Gained mutation: You have a pair of small antennae on your head. [potion of mutation]
  3675 | D:10     | Gained mutation: You are partially covered in molten scales. (AC +2) [potion of mutation]
  3675 | D:10     | Lost mutation: Your spells are a little harder to cast, but a little more powerful. [potion of mutation]
  3712 | D:10     | Found a staircase to the Orcish Mines.
  3721 | D:10     | Reached skill level 10 in Unarmed Combat
  3825 | D:10     | Reached XP level 10. HP: 56/84 MP: 10/13
  3937 | D:11     | Noticed a hill giant
  3959 | D:11     | Killed a hill giant
  3959 | D:11     | Reached skill level 11 in Unarmed Combat
  4013 | D:11     | Noticed a hill giant
  4029 | D:11     | Killed a hill giant
  4229 | D:12     | HP: 6/132 [poisoned by a killer bee]
  4233 | D:12     | HP: 1/132 [poisoned by a killer bee]
  4234 | D:12     | Succumbed to a killer bee's poison

Vault maps used:
D:1:      zelgadis_glass_arrival_small
D:2:      marbit_many_paths, lemuel_crystal_altar,
          lemuel_coloured_pillars_altar, first_bread
D:3:      lemuel_doored_altar, uniq_jessica
D:4:      corexii_shack_village, regret_index_temple_of_mockery
D:5:      grunt_dithmenos_smoke, portal_sewer_entry_b,
          nemelex_diamond_rough_becter
D:6:      grunt_temple_overflow_open
D:7:      lemuel_crystal_altar
D:8:      nicolae_gozag_cash_rules_everything_around_me, old_standard_altar,
          roderic_lattice_a, grunt_livestock, uniq_joseph
D:9:      nicolae_whirlpool, nicolae_overflow_hidden_temple
D:10:     due_lair_maze_entry_diamond, serial_undead, serial_undead_d,
          serial_undead_a, serial_undead_f, serial_undead_a, tgw_kikubaaqudgha
D:11:     serial_shops, nicolae_shop_stone, kennysheep_generic_room_13,
          uniq_fannar, uniq_urug
D:12:     enter_trove_1, tso_metal_star, uniq_snorg
Temple:   corrupted_temple
Lair:1:   minmay_stone_trees_small
Sewer:    sewer_frog_island_01

Skill      XL: |  1  2  3  4  5  6  7  8  9 10 |
---------------+-------------------------------+-----
Fighting       | 2 4 6 8 |  8.2
Unarmed Combat | 4 5 6 8 10 11 | 11.6
Transmutations | 3 4 5 |  5.5
Evocations     | 4 |  4.7
Dodging        | |  1.3
Spellcasting   | |  1.5

Action                   |  1- 3 |  4- 6 |  7- 9 | 10-12 || total
-------------------------+-------+-------+-------+-------++-------
Melee: Unarmed           |   107 |    86 |   287 |    51 ||   531
       Headbutt          |     4 |       |       |       ||     4
       Kick              |    17 |    11 |    33 |     4 ||    65
       Punch             |     1 |       |     5 |       ||     6
 Cast: Beastly Appendage |     5 |       |       |       ||     5
       Sticks to Snakes  |     9 |     6 |     1 |       ||    16
       Spider Form       |       |     4 |    23 |     5 ||    32
Invok: Curse Item        |       |       |     1 |       ||     1
 Abil: End Transformatio |       |       |     1 |       ||     1
       Evoke Berserk Rag |       |       |     8 |     4 ||    12
Evoke: Wand              |       |    11 |    10 |    13 ||    34
  Use: Scroll            |       |    11 |     7 |     1 ||    19
       Potion            |       |       |     1 |       ||     1
  Eat: Chunk             |       |     3 |    21 |     5 ||    29
       Beef jerky        |       |       |     1 |       ||     1
       Fruit             |       |       |     3 |     1 ||     4
Armor: Robe              |    36 |    13 |    16 |    14 ||    79
       Skin              |       |     1 |     9 |       ||    10
Dodge: Dodged            |    51 |    38 |   157 |    31 ||   277
Block: Other             |       |       |     2 |       ||     2
